 Dungeon Crawl Stone Soup version 0.29.0-15-g675c0067aa (webtiles) character file.

Game seed: 1770550772047291041

2237 Gabide the Covert (level 9, 0/85 HPs)
             Began as a Naga Monk on Sept 12, 2022.
             Was a Plaything of Xom.
             Slain by a kobold
             ... wielding a +0 short sword
             ... summoned by Xom
              (3 damage)
             ... on level 7 of the Dungeon.
             The game lasted 00:26:16 (7753 turns).

Gabide the Covert (Naga Monk)                       Turns: 7753, Time: 00:26:17

Health: 0/85       AC:  7    Str:  9    XL:     9   Next: 36%
Magic:  9/9        EV: 12    Int: 10    God:    Xom [*.....]
Gold:   279        SH:  0    Dex: 17    Spells: 8/8 levels left

rFire   + . .      SeeInvis +   p - +2 dagger (vamp)
rCold   + . .      Faith    .   (no shield)
rNeg    . . .      Spirit   .   b - +0 robe
rPois   +          Reflect  .   (helmet restricted)
rElec   .          Harm     .   m - +2 cloak
rCorr   .          Rampage  .   (no gloves)
Will    +....      Rnd*Tele +   (no barding)
Stlth   ++++......              (no amulet)
HPRegen 0.24/turn               t - ring of protection from fire
MPRegen 0.11/turn               C - ring of protection from cold

@: about to teleport, on berserk cooldown, slowed, very slow
A: AC +3, large, see invisible, deformed body, poison resistance, slowness 2,
spit poison 1, naga tail 1, horns 1, dopey 1, teleportitis 1, weak 2
a: Spit Poison, Renounce Religion


You were on level 7 of the Dungeon.
You worshipped Xom.
You were a special plaything of Xom.
You visited 2 branches of the dungeon, and saw 8 of its levels.
You also visited: Sewer.

You collected 372 gold pieces.
You spent 93 gold pieces at shops.

Inventory:

Hand Weapons
 a - a +2 short sword of electrocution
 p - a +2 vampiric dagger (weapon)
Missiles
 i - 26 poisoned darts
 E - a throwing net
Armour
 b - a +0 robe (worn)
 m - a +2 cloak (worn)
 o - a +0 ring mail of positive energy
Jewellery
 t - a ring of protection from fire (left hand)
 B - a ring of magical power
 C - a ring of protection from cold (right hand)
Wands
 v - a wand of charming (5)
 D - a wand of iceblast (10)
Scrolls
 d - a scroll of magic mapping
 g - a scroll of blinking
 h - a scroll of enchant weapon {unknown}
 k - a scroll of silence {unknown}
 n - a scroll of vulnerability {unknown}
 u - a scroll of amnesia {unknown}
 x - a scroll of immolation {unknown}
 y - a scroll of identify
 z - a scroll of teleportation
 F - a scroll of noise {unknown}
Potions
 c - 2 potions of ambrosia
 e - a potion of resistance
 f - 2 potions of curing
 j - a potion of might
 l - 2 potions of lignification
 q - a potion of attraction
 r - 3 potions of heal wounds
 s - 2 potions of brilliance
 w - a potion of berserk rage
 A - 3 potions of flight


   Skills:
 + Level 6.8 Fighting
 + Level 6.7 Short Blades
 + Level 5.6 Dodging
 + Level 9.9 Stealth


You had 8 spell levels left.
You didn't know any spells.
Your spell library contained the following spells:

 Spells                   Type           Power      Damage    Failure   Level
 Sting                    Tmut/Pois      0%         1d3       36%         1
 Poisonous Vapours        Pois/Air       0%         N/A       50%         2
 Static Discharge         Conj/Air       0%         3-3/arc   50%         2
 Sublimation of Blood     Necr           0%         N/A       50%         2
 Wereblood                Tmut           0%         N/A       50%         2
 Dispel Undead            Necr           0%         3d6       98%         4
 Olgreb's Toxic Radiance  Pois           0%         N/A       98%         4
 Sticky Flame             Conj/Fire      0%         2d3       98%         4
 Summon Hydra             Summ           0%         N/A       100%        7


Dungeon Overview and Level Annotations

Branches:
Dungeon (7/15)             Temple (1/1) D:5           Sewer (visited)

Altars:
Cheibriados
Elyvilon
Fedhas
Gozag
Hepliaklqana
Kikubaaqudgha
Makhleb
Nemelex Xobeh
Okawaru
Qazlal
Ru
Sif Muna
Trog
Uskayaw
Vehumet
Wu Jian
Xom
Zin
The Shining One

Shops:
D:4 *

Annotations:
D:7 3 runed translucent doors


Innate Abilities, Weirdness & Mutations

Your serpentine skin is tough. (AC +3)
You have supernaturally acute eyesight. (SInv)
Armour fits poorly on your strangely shaped body.
Your system is resistant to poisons. (rPois)
You cover ground very slowly.
You can spit poison.
You have a snake-like lower body.
You have a pair of small horns on your head.
You are dopey. (Int -2)
You are occasionally teleported next to monsters.
You are very weak. (Str -4)


Message History

The kobold hits you with a +0 short sword.
The kobold hits you with a +0 club. The kobold misses you.
The kobold brigand closely misses you. The orc hits you with a +0 mace.
The orc hits you with a +0 falchion. The orc hits you but does no damage.
You hit the orc.
You kill the orc!
The orc's corpse disappears in a puff of smoke!
The kobold misses you. The orc barely misses you.
The kobold closely misses you. The kobold barely misses you.
The kobold hits you with a +0 club. The orc barely misses you.
You hit the kobold brigand. You headbutt the kobold brigand.
The kobold brigand is lightly wounded.
The orc hits you with a +0 short sword.
* * * LOW HITPOINT WARNING * * *
The kobold hits you with a +0 club.
* * * LOW HITPOINT WARNING * * *
The kobold hits you with a +0 short sword.
* * * LOW HITPOINT WARNING * * *
The orc closely misses you.
The kobold brigand hits you with a +0 short sword.
* * * LOW HITPOINT WARNING * * *
The kobold barely misses you.
As you read the scroll of teleportation, it crumbles to dust.
You feel strangely unstable. The kobold completely misses you.
The orc hits you but does no damage.
The kobold hits you but does no damage. x2
The kobold closely misses you. The kobold barely misses you.
The orc hits you with a +0 falchion.
* * * LOW HITPOINT WARNING * * *
The kobold brigand hits you with a +0 short sword.
* * * LOW HITPOINT WARNING * * *
The kobold hits you with a +0 dagger.
* * * LOW HITPOINT WARNING * * *
The kobold brigand hits you with a +0 short sword.
* * * LOW HITPOINT WARNING * * *
The kobold barely misses you. The orc hits you with a +0 falchion.
* * * LOW HITPOINT WARNING * * *
The kobold barely misses you.
The kobold hits you with a +0 short sword.
You die... "This toy is broken."

......8..# #.
.........#.........# ..
.........#.........# ..)
.........#.........#....
.........#.........#....
.........#..............
.........#..............
.........# #..KKo......
.....[...# #.KK@o......
.........# #..KKK......
.........# #...........
##.##########...........
#.##.......'...........
#.##.#######...^.......
#.##.# #######'###.
#.##.# ... ##.##.# ##


You could see a kobold brigand (summoned), 2 orcs and 6 kobolds.

Vanquished Creatures
  Prince Ribbit (D:6)
  Menkaure (D:7)
  A black bear (D:5)
  A sky beast (D:6)
  An orc warrior (D:7)
  An ogre (D:5)
  4 phantoms
  2 kobold brigands (Sewer)
  A bullfrog (D:6)
  6 scorpions
  A howler monkey (D:7)
  A jelly (D:5)
  A gnoll bouda (D:7)
  2 hounds
  2 orc priests (D:7)
  Jessica (D:2)
  3 iguanas
  Ijyb (D:3)
  7 gnolls
  A river rat (Sewer)
  9 adders
  2 shadow imps
  3 white imps
  An ufetubus (D:6)
  A dart slug (D:1)
  6 orcs
  2 ball pythons
  4 bats
  8 endoplasms
  4 giant cockroaches
  8 goblins
  8 hobgoblins
  4 jackals (D:1)
  10 kobolds
  3 quokkas
  8 frilled lizards
  9 rats
129 creatures vanquished.

Vanquished Creatures (collateral kills)
  A jelly (D:6)
  A gnoll bouda (D:6)
  2 gnolls (D:6)
  A jackal (Sewer)
  2 kobolds (Sewer)
7 creatures vanquished.

Grand Total: 136 creatures vanquished

Notes
Turn   | Place    | Note
-------+----------+-------------------------------------------
     0 | D:1      | Gabide the Naga Monk began the quest for the Orb.
     0 | D:1      | Reached XP level 1. HP: 21/21 MP: 1/1
   238 | D:1      | Reached XP level 2. HP: 28/28 MP: 2/2
   743 | D:1      | Reached XP level 3. HP: 34/34 MP: 3/3
  1343 | D:2      | Reached skill level 4 in Stealth
  1415 | D:2      | Found a faded altar of an unknown god.
  1573 | D:2      | Reached XP level 4. HP: 42/42 MP: 4/4
  1702 | D:2      | Noticed Jessica
  1705 | D:2      | Killed Jessica
  1838 | D:2      | Found a snail-covered altar of Cheibriados.
  2044 | D:3      | Noticed Ijyb
  2069 | D:3      | Killed Ijyb
  2070 | D:3      | Reached XP level 5. HP: 41/50 MP: 5/5
  2914 | D:4      | Found a shimmering altar of Xom.
  3052 | D:4      | Found Bakhlonn's CLEARANCE SALE!.
  3063 | D:4      | Reached skill level 5 in Stealth
  3064 | D:4      | Bought a book of Blood for 84 gold pieces
  3064 | D:4      | Bought a scroll of teleportation for 9 gold pieces
  3139 | D:4      | Reached XP level 6. HP: 49/57 MP: 6/6
  3197 | D:5      | Entered Level 5 of the Dungeon
  3288 | D:5      | Found an opulent altar of Gozag.
  3335 | D:5      | Found a snail-covered altar of Cheibriados.
  3472 | D:5      | Reached skill level 6 in Stealth
  3472 | D:5      | Reached XP level 7. HP: 55/66 MP: 7/7
  3775 | D:5      | Found a staircase to the Ecumenical Temple.
  3964 | Temple   | Entered the Ecumenical Temple
  4228 | D:5      | Reached skill level 5 in Fighting
  4228 | D:5      | Reached skill level 5 in Short Blades
  4331 | D:4      | Became a worshipper of Xom of Chaos
  4496 | D:5      | Reached skill level 7 in Stealth
  4631 | D:5      | XOM: smoke on damage
  4637 | D:5      | XOM: divination: detect creatures
  4639 | D:5      | XOM: silly message
  4649 | D:5      | XOM: silly message
  4671 | D:5      | XOM: cloud trail
  4876 | D:5      | XOM: divination: detect items
  4889 | D:5      | Reached XP level 8. HP: 56/74 MP: 8/8
  4971 | D:5      | XOM: divination: detect items
  5122 | D:5      | XOM: silly message
  5253 | D:6      | Found a hazy altar of Hepliaklqana.
  5254 | D:6      | Found a glowing silver altar of Zin.
  5281 | D:6      | Found a glowing drain.
  5337 | Sewer    | Entered a sewer
  5339 | Sewer    | XOM: summons friendly shadow imp
  5414 | Sewer    | XOM: cleaving
  5425 | Sewer    | XOM: god gift: 2 puce potions {god gift}
  5439 | Sewer    | Reached skill level 8 in Stealth
  5499 | Sewer    | Found a white marble altar of Elyvilon.
  5782 | D:6      | XOM: summons 8 friendly demons
  5855 | D:6      | Reached skill level 5 in Dodging
  5886 | D:6      | Noticed Prince Ribbit
  5886 | D:6      | XOM: 5-stop teleportation journey
  5889 | D:6      | XOM: scenery: create altars
  6269 | D:6      | XOM: scenery: 1 doors open
  6545 | D:6      | XOM is BORED!
  6545 | D:6      | XOM: draining
  6660 | D:6      | XOM: give mutations
  6660 | D:6      | Gained mutation: You are weak. (Str -2) [Xom's mischief]
  6660 | D:6      | Gained mutation: You have a pair of small horns on your
                  | head. [Xom's mischief]
  6660 | D:6      | Gained mutation: You are dopey. (Int -2) [Xom's mischief]
  6660 | D:6      | Gained mutation: You have hidden genetic defects. [Xom's
                  | mischief]
  6706 | D:6      | Reached skill level 9 in Stealth
  6787 | D:6      | XOM: divination: detect creatures
  6802 | D:6      | Killed Prince Ribbit
  6803 | D:6      | Reached XP level 9. HP: 50/85 MP: 9/9
  6804 | D:6      | Gained mutation: You are occasionally teleported next to
                  | monsters. [hidden defects]
  6917 | D:6      | XOM: stat loss: -1 Dex (16/17)
  6962 | D:6      | XOM: 1-stop teleportation journey
  7305 | D:7      | XOM: torment (44/85 hp)
  7600 | D:7      | XOM: 1-stop teleportation journey
  7672 | D:7      | Noticed Menkaure
  7675 | D:7      | Found a runed translucent gate.
  7675 | D:7      | Found a runed translucent gate.
  7675 | D:7      | Found a runed translucent gate.
  7676 | D:7      | Killed Menkaure
  7727 | D:7      | XOM: summons 4 hostile shadow creatures
  7749 | D:7      | Gained mutation: You are very weak. (Str -4) [hidden
                  | defects]
  7749 | D:7      | Lost mutation: You have hidden genetic defects. [hidden
                  | defects expressed]
  7753 | D:7      | HP: 3/85 [orc/+0 falchion[Xom] (4)]
  7753 | D:7      | Slain by a kobold

Illustrated notes

Levels and vault maps discovered:
D:1:      mrwooster_arrival_arrow, layout_loops_cross
D:2:      layout_rooms, ebering_ecumenical_altar_abandoned, basic_altar,
          chequers_serial_rivers_room_b, uniq_jessica
D:3:      layout_rooms, uniq_ijyb
D:4:      layout_gridville, tgw_xom, nicolae_shop_clearance
D:5:      layout_basic, mainiacjoe_overflow_large_starburst, temple_pool_b
D:6:      layout_basic, chequers_temple_overflow_statue_of_worship,
          gup_sewer_entry_glass, grunt_ministairs_2, uniq_prince_ribbit1
D:7:      layout_basic, biasface_ghost_orc_armoury,
          minmay_fractal_squares_gapless_5, uniq_menkaure
Temple:   eino_temple_water

Skill      XL: |  1  2  3  4  5  6  7  8 |
---------------+-------------------------+-----
Stealth        | 4 5 6 7 9 |  9.9
Dodging        | 3 4 5 |  5.6
Fighting       | 4 5 6 |  6.8
Short Blades   | 4 5 6 |  6.7

Action                   |  1- 3 |  4- 6 |  7- 9 || total
-------------------------+-------+-------+-------++-------
Melee: Short sword       |    59 |    11 |   185 ||   255
       Dagger            |       |   113 |   151 ||   264
       Punch             |       |     3 |     5 ||     8
       Headbutt          |       |       |    19 ||    19
Throw: Dart              |       |     1 |     3 ||     4
       Throwing net      |       |       |     2 ||     2
 Abil: Spit Poison       |    39 |    36 |    29 ||   104
Evoke: Wand              |       |     4 |       ||     4
  Use: Scroll            |     1 |     9 |     5 ||    15
       Potion            |       |       |     3 ||     3
 Stab: Sleeping          |     6 |     5 |     7 ||    18
       Distracted        |       |       |     1 ||     1
Armor: Robe              |    16 |    31 |   122 ||   169
Dodge: Dodged            |    38 |    57 |   204 ||   299
